 Dungeon Crawl Stone Soup version 0.21.1-1-g345015f (webtiles) character file.

154 Kagorn the Skirmisher (level 5, -5/33 HPs)
             Began as a Gargoyle Fighter on July 22, 2018.
             Slain by Sigmund
             ... wielding a +0 scythe
              (7 damage)
             ... on level 3 of the Dungeon.
             The game lasted 00:08:32 (1832 turns).

Kagorn the Skirmisher (Gargoyle Fighter)            Turns: 1832, Time: 00:08:32

Health: -5/33      AC: 12    Str: 23 (24) XL:     5   Next: 35%
Magic:  5/5        EV: 13    Int:  6 (9)  God:
Gold:   84         SH: 14    Dex: 13 (15) Spells: 4/4 levels left

rFire    . . .     SeeInvis .   i - +1 whip (freeze)
rCold    . . .     Gourm    .   c - +0 shield
rNeg     + . .     Faith    .   b - +0 scale mail
rPois    ∞         Spirit   .   (no helmet)
rElec    +         Reflect  +   p - +0 cloak
rCorr    .         Harm     .   (no gloves)
MR       .....                  (no boots)
Stlth    +.........             n - +4 amulet of reflection
HPRegen  0.11/turn              (no ring)
MPRegen  0.09/turn              (no ring)

@: mighty, agile
A: negative energy resistance 1, electricity resistance, unbreathing,
petrification resistance, rot immunity, AC +4
a: no special abilities


You were on level 3 of the Dungeon.
You were not hungry.

You visited 1 branch of the dungeon, and saw 3 of its levels.

You collected 84 gold pieces.

Inventory:

Hand Weapons
 a - a +0 long sword
 i - a +1 whip of freezing (weapon)
 o - a +2 quarterstaff of chaos
Missiles
 h - 102 stones (quivered)
Armour
 b - a +0 scale mail (worn)
 c - a +0 shield (worn)
 p - a +0 cloak (worn)
Jewellery
 n - a +4 amulet of reflection (around neck)
Scrolls
 e - a scroll of blinking
 g - a scroll of remove curse
 j - a scroll of identify
Comestibles
 f - 4 rations


   Skills:
 * Level 4.3 Fighting
 + Level 2.6 Long Blades
 * Level 1.7 Maces & Flails
 + Level 3.6 Armour
 + Level 1.1 Dodging
 + Level 3.9 Shields


You had 4 spell levels left.
You didn't know any spells.

Dungeon Overview and Level Annotations

Branches:
Dungeon (3/15)

Altars:

Annotations:
D:3 Sigmund


Innate Abilities, Weirdness & Mutations

You are resistant to torment.
Your stone body is resilient. (AC +4)
You are immune to poison.
You resist negative energy. (rN+)
You are resistant to electric shocks. (rElec)
You can survive without breathing.
You are immune to petrification.
You are immune to rotting.


Message History

You closely miss something.
You hear some strange, mumbled words.
A magic dart appears from out of thin air!
The magic dart hits you!
You miss something. You block something's attack.
You miss something. Something hits you!
You miss something. You closely miss something.
Something hits you but does no damage.
You closely miss something. Something hits you!
* * * LOW HITPOINT WARNING * * *
You miss something.
You feel very mighty all of a sudden. Something hits you but does no damage.
You miss something. Something hits you but does no damage.
You barely miss something. Something hits you.
* * * LOW HITPOINT WARNING * * *
You miss something. You barely miss something. Something completely misses you.
You closely miss something. Something hits you!
You die...

##########
#........#
#.######.# ########
#.#...##.#
#......####.#...##.#
#........##.##..##<#
#......#.#.......#.#
#....@.#.##..#.[.#.#
#.....{#.....#...#.#
#......#####.#...#.#
#......# #.#.#.#.#
####.... #.#...#.#
###### #.#####.# #..
###


There were no monsters in sight!

Vanquished Creatures
  A scorpion (D:2)
  Crazy Yiuf (D:2)
  2 adders (D:2)
  An ooze (D:2)
  2 worms (D:2)
  A dart slug (D:2)
  4 giant cockroaches
  7 hobgoblins
  6 kobolds
  8 bats
  3 frilled lizards (D:1)
  5 goblins
  9 rats
50 creatures vanquished.

Notes
Turn   | Place    | Note
-------+----------+-------------------------------------------
     0 | D:1      | Kagorn the Gargoyle Fighter began the quest for the Orb.
     0 | D:1      | Reached XP level 1. HP: 14/14 MP: 1/1
   158 | D:1      | Reached XP level 2. HP: 19/19 MP: 2/2
   484 | D:1      | Reached XP level 3. HP: 6/23 MP: 3/3
  1253 | D:2      | Reached skill level 1 in Maces & Flails
  1253 | D:2      | Reached XP level 4. HP: 26/29 MP: 4/4
  1626 | D:2      | Reached skill level 4 in Fighting
  1716 | D:2      | Reached skill level 1 in Dodging
  1716 | D:2      | Reached XP level 5. HP: 33/33 MP: 5/5
  1736 | D:2      | Found a runed door.
  1740 | D:2      | Noticed Crazy Yiuf
  1747 | D:2      | Killed Crazy Yiuf
  1809 | D:3      | Noticed Sigmund
  1832 | D:3      | Slain by Sigmund

Skill      XL: |  1  2  3  4 |
---------------+-------------+-----
Long Blades    | 2 |  2.6
Maces & Flails | 1 |  1.7
Fighting       | 4 |  4.3
Dodging        | 1 |  1.1
Armour         | |  3.6
Shields        | |  3.9

Action                   |  1- 3 |  4- 6 || total
-------------------------+-------+-------++-------
Melee: Long sword        |   101 |       ||   101
       Whip              |    56 |    58 ||   114
  Use: Scroll            |       |     4 ||     4
       Potion            |       |     3 ||     3
  Eat: Chunk             |     1 |     1 ||     2
       Ration            |       |     1 ||     1
Armor: Scale mail        |   104 |    19 ||   123
Dodge: Dodged            |    57 |    11 ||    68
Block: Shield            |   113 |    15 ||   128
       Rpst.: Long sword |    14 |       ||    14
